 Dungeon Crawl Stone Soup version 0.29.0-13-gc9e81de378 (webtiles) character file.

Game seed: 16389148674438891432

109 Artool the Cudgeller (level 4, -6/34 HPs)
             Began as a Demonspawn Gladiator on Sept 7, 2022.
             Mangled by a gnoll bouda
             ... wielding a +0 club
              (8 damage)
             ... on level 4 of the Dungeon.
             The game lasted 00:05:22 (1979 turns).

Artool the Cudgeller (Demonspawn Gladiator)         Turns: 1979, Time: 00:05:23

Health: -6/34      AC: 10    Str: 16    XL:     4   Next: 60%
Magic:  4/4        EV: 12    Int: 10    God:
Gold:   95         SH:  0    Dex: 14    Spells: 3/3 levels left

rFire   . . .      SeeInvis .   a - +0 whip
rCold   + . .      Faith    .   (no shield)
rNeg    . . .      Spirit   .   n - +0 leather armour {rC+}
rPois   .          Reflect  .   h - +1 hat
rElec   .          Harm     .   g - +0 cloak
rCorr   .          Rampage  .   i - +1 pair of gloves
Will    .....                   o - +0 pair of boots
Stlth   +.........              (no amulet)
HPRegen 0.11/turn               (no ring)
MPRegen 0.09/turn               (no ring)

@: flying
A: icy blue scales 1, ignite blood 1, demonic touch 1
a: no special abilities


You were on level 4 of the Dungeon.
You visited 1 branch of the dungeon, and saw 4 of its levels.

You collected 95 gold pieces.

Inventory:

Hand Weapons
 a - a +0 whip (weapon)
Missiles
 d - 3 throwing nets (quivered)
 e - a javelin
Armour
 g - a +0 cloak (worn)
 h - a +1 hat (worn)
 i - a +1 pair of gloves (worn)
 n - a +0 leather armour of cold resistance (worn)
 o - a +0 pair of boots (worn)
Magical Staves
 q - a staff of earth
Jewellery
 v - a ring of positive energy
Scrolls
 c - a scroll of poison {unknown}
 j - a scroll of silence {unknown}
 k - a scroll of enchant armour {unknown}
 l - 3 scrolls of identify {unknown}
 m - a scroll of amnesia {unknown}
 s - a scroll of magic mapping {unknown}
 t - a scroll of noise {unknown}
Potions
 b - a potion of ambrosia {unknown}
 f - a potion of mutation {unknown}
 p - a potion of magic {unknown}
 r - a potion of flight
 u - a potion of berserk rage {unknown}


   Skills:
 + Level 2.9 Fighting
 + Level 3.3 Maces & Flails
 - Level 2.0 Throwing
 + Level 1.7 Armour
 + Level 3.3 Dodging


You had 3 spell levels left.
You didn't know any spells.
Your spell library contained the following spells:

 Spells                   Type           Power      Damage    Failure   Level
 Sandblast                Erth           0%         2d4       43%         1
 Passwall                 Tmut/Erth      0%         N/A       56%         2
 Stone Arrow              Conj/Erth      0%         3d7       80%         3


Dungeon Overview and Level Annotations

Branches:
Dungeon (4/15)
 Temple: D:4-7

Altars:

Annotations:
D:3 3 runed translucent doors, Grinder; Jessica; Quickbrownfox's ghost, amateur DsIE


Innate Abilities, Weirdness & Mutations

You are partially covered in icy blue scales. (AC +2)
Your demonic aura sometimes causes spilled blood to erupt in flames.
Your touch may inflict minor irresistible damage on your foes.


Message History

The quokka is almost dead.
The quokka bites you but does no damage.
You hit the quokka but do no damage.
The quokka is almost dead.
The quokka bites you.
You closely miss the quokka.
The quokka is almost dead.
The quokka closely misses you.
You hit the quokka.
You kill the quokka!
You hit the gnoll bouda but do no damage.
The gnoll bouda hits you with a +0 club!
You barely miss the gnoll bouda.
The gnoll bouda hits you with a +0 club.
* * * LOW HITPOINT WARNING * * *
You hit the gnoll bouda but do no damage.
The gnoll bouda hits you with a +0 club.
* * * LOW HITPOINT WARNING * * *
You closely miss the gnoll bouda. The gnoll bouda closely misses you.
It was a potion of flight.
You feel very buoyant.
You fly up into the air.
The gnoll bouda hits you with a +0 club.
* * * LOW HITPOINT WARNING * * *
You hit the gnoll bouda but do no damage.
The gnoll bouda hits you but does no damage.
You hit the gnoll bouda but do no damage.
The gnoll bouda hits you but does no damage.
You barely miss the gnoll bouda.
The gnoll bouda hits you with a +0 club.
* * * LOW HITPOINT WARNING * * *
You hit the gnoll bouda.
The gnoll bouda is moderately wounded.
The gnoll bouda barely misses you.
You hit the gnoll bouda.
The gnoll bouda is moderately wounded.
You barely miss the gnoll bouda.
You touch the gnoll bouda!
The gnoll bouda is severely wounded.
The gnoll bouda hits you with a +0 club!
You die...

..............
..#.#.#.#g#.#.
#............
##.#.#.#.#.##
#!...<......#
##.#?#.#.#.##
#.....g.....
##.#.#g#.#.##.
###..@.......
###########


You could see a gnoll bouda and a goblin.

Vanquished Creatures
  Natasha (twice) (D:3)
  2 adders (D:3)
  A worm (D:2)
  2 ball pythons
  3 endoplasms
  4 goblins
  2 hobgoblins
  4 quokkas
  7 bats
  2 frilled lizards
  8 kobolds
  3 rats
40 creatures vanquished.

Vanquished Creatures (others)
  3 fungi (D:3)
  A plant (D:3)
4 creatures vanquished.

Grand Total: 44 creatures vanquished

Notes
Turn   | Place    | Note
-------+----------+-------------------------------------------
     0 | D:1      | Artool the Demonspawn Gladiator began the quest for the
                  | Orb.
     0 | D:1      | Reached XP level 1. HP: 16/16 MP: 1/1
   347 | D:1      | Gained mutation: You are partially covered in icy blue
                  | scales. (AC +2) [demonic ancestry]
   347 | D:1      | Reached XP level 2. HP: 21/22 MP: 2/2
   958 | D:2      | Found a faded altar of an unknown god.
  1177 | D:2      | Reached skill level 1 in Armour
  1177 | D:2      | Gained mutation: Your demonic aura sometimes causes spilled
                  | blood to erupt in flames. [demonic ancestry]
  1177 | D:2      | Reached XP level 3. HP: 20/28 MP: 3/3
  1473 | D:3      | Noticed Quickbrownfox's ghost (amateur DsIE)
  1473 | D:3      | Found a runed translucent gate.
  1473 | D:3      | Found a runed translucent gate.
  1473 | D:3      | Found a runed translucent gate.
  1474 | D:3      | Noticed a kobold brigand
  1630 | D:3      | Noticed Natasha
  1641 | D:3      | Killed Natasha
  1642 | D:3      | Gained mutation: Your touch may inflict minor irresistible
                  | damage on your foes. [demonic ancestry]
  1642 | D:3      | Reached XP level 4. HP: 18/34 MP: 4/4
  1876 | D:3      | Noticed Natasha
  1884 | D:3      | Killed Natasha
  1942 | D:3      | Noticed Jessica
  1943 | D:3      | Noticed Grinder
  1979 | D:4      | Mangled by a gnoll bouda

Illustrated notes

Levels and vault maps discovered:
D:1:      dpeg_arrival_stone_temple_mockup, layout_rooms
D:2:      layout_basic, hellmonk_ecumenical_altar_run_dry
D:3:      layout_loops_ring, lemuel_coloured_pillars_altar,
          gammafunk_ghost_nasty_kobolds, grunt_ministairs_1, serial_park_tiny_1,
          uniq_grinder, uniq_natasha, uniq_jessica
D:4:      layout_cave_pods, st_stairs_10

Skill      XL: |  1  2 |
---------------+-------+-----
Throwing       | 2 |  2.0
Maces & Flails | 3 |  3.3
Armour         | 1 |  1.7
Dodging        | 3 |  3.3
Fighting       | |  2.9

Action                   |  1- 3 |  4- 6 || total
-------------------------+-------+-------++-------
Melee: Flail             |    46 |       ||    46
       Punch             |     4 |     1 ||     5
       Whip              |    95 |    25 ||   120
       Touch             |       |     3 ||     3
  Use: Potion            |       |     1 ||     1
 Stab: Sleeping          |     2 |       ||     2
Armor: Leather armour    |    52 |     4 ||    56
Dodge: Dodged            |    69 |    11 ||    80
